 Dungeon Crawl Stone Soup version 0.24-a0-235-g3f03afc (webtiles) character file.

Game seed: 16147375710326793684

240 Azzok the Sneak (level 6, 0/44 HPs)
             Began as a Gnoll Enchanter on Apr 8, 2019.
             Slain by a gnoll
             ... wielding a +0 halberd
              (7 damage)
             ... on level 5 of the Dungeon.
             The game lasted 00:03:04 (2547 turns).

Azzok the Sneak (Gnoll Enchanter)                   Turns: 2547, Time: 00:03:05

Health: 0/44       AC:  4    Str: 11    XL:     6   Next: 8%
Magic:  8/22       EV: 15    Int: 22    God:
Gold:   97         SH:  0    Dex: 15    Spells: 9/15 levels left

rFire    . . .     SeeInvis .   e - +2 short sword (drain)
rCold    . . .     Gourm    .   (no shield)
rNeg     . . .     Faith    .   b - +0 robe
rPois    .         Spirit   .   (no helmet)
rElec    .         Reflect  .   t - +1 cloak
rCorr    .         Harm     .   (no gloves)
MR       .....                  (no boots)
Stlth    +++.......             (no amulet)
HPRegen  0.14/turn              s - ring of magical power
MPRegen  0.18/turn              n - +3 ring of intelligence

@: no status effects
A: distributed training, fangs 1, strong nose
a: no special abilities


You were on level 5 of the Dungeon.
You were not hungry.

You visited 1 branch of the dungeon, and saw 4 of its levels.

You collected 97 gold pieces.

Inventory:

Hand Weapons
 a - a +1 dagger
 e - a +2 short sword of draining (weapon)
Missiles
 w - 2 throwing nets (quivered)
Armour
 b - a +0 robe (worn)
 t - a +1 cloak (worn)
Jewellery
 i - an uncursed ring of protection from fire
 m - an uncursed ring of ice
 n - a +3 ring of intelligence (right hand)
 s - a ring of magical power (left hand)
Scrolls
 f - 4 scrolls of identify {unknown}
 h - a scroll of noise {unknown}
 j - a scroll of enchant weapon {unknown}
 k - 4 scrolls of remove curse {unknown}
 p - a scroll of teleportation {unknown}
 r - a scroll of enchant armour {unknown}
 v - a scroll of magic mapping {unknown}
Potions
 c - a potion of magic {unknown}
 g - a potion of brilliance {unknown}
 l - a potion of lignification {unknown}
 o - a potion of heal wounds {unknown}
 q - a potion of ambrosia {unknown}
Comestibles
 d - 5 rations
 u - 6 chunks of flesh


   Skills:
 + Level 1.7 Fighting
 + Level 3.1 Short Blades
 + Level 1.7 Long Blades
 + Level 1.7 Axes
 + Level 1.7 Maces & Flails
 + Level 1.7 Polearms
 + Level 1.7 Staves
 + Level 1.7 Slings
 + Level 1.7 Bows
 + Level 1.7 Crossbows
 + Level 1.7 Throwing
 + Level 1.7 Armour
 + Level 4.9 Dodging
 + Level 6.2 Stealth
 + Level 1.7 Shields
 + Level 1.7 Unarmed Combat
 + Level 5.3 Spellcasting
 + Level 1.3 Conjurations
 + Level 5.6 Hexes
 + Level 1.3 Charms
 + Level 1.3 Summonings
 + Level 1.3 Necromancy
 + Level 1.3 Translocations
 + Level 1.3 Transmutations
 + Level 1.3 Fire Magic
 + Level 1.3 Ice Magic
 + Level 1.3 Air Magic
 + Level 1.3 Earth Magic
 + Level 1.3 Poison Magic
 + Level 2.0 Invocations
 + Level 1.7 Evocations


You had 9 spell levels left.
You knew the following spells:

 Your Spells              Type           Power        Failure   Level  Hunger
a - Corona                Hex            ####...      1%          1    None
b - Ensorcelled Hibernat  Hex/Ice        ###...       3%          2    None
c - Confuse               Hex            ####....     3%          3    ##.....

Your spell library contained the following spells:

 Spells                   Type           Power        Failure   Level  Hunger
 Tukima's Dance           Hex            ####....     3%          3    ##.....
 Dazzling Spray           Conj/Hex       ###...       7%          3    ##.....


Dungeon Overview and Level Annotations

Branches:
Dungeon (3/15)

Altars:


Innate Abilities, Weirdness & Mutations

Your experience applies equally to all skills.
You have very sharp teeth.
Your uncanny sense of smell can sniff out nearby items.


Message History

You impale the gnoll!!
You kill the gnoll!
The gnoll closely misses the crimson imp.
Casting: Ensorcelled Hibernation (safe; 3% risk of failure)
Confirm with . or Enter, or press ? or * to list all spells.
Aiming: Ensorcelled Hibernation (safe; 3% risk of failure)
Press: ? - help, Shift-Dir - straight line, f - crimson imp
Aim: a crimson imp (chance to defeat MR: 32%)
The crimson imp looks drowsy...
The helpless crimson imp fails to defend itself.
You impale the crimson imp!!
You kill the crimson imp!
Your Invocations skill increases to level 2!
You have reached level 6!
Your experience leads to an increase in your attributes!
Your base attributes are Str 11, Int 18, Dex 15.
Increase (S)trength, (I)ntelligence, or (D)exterity?
You feel clever. The gnoll hits you with a +0 halberd!
You die...

▒▒▒ ▒▒▒▒▒··▒ ▒
▒·)···▒ ▒· ▒▒·)▒▒▒
▒·▒ ▒@·▒ ▒ ▒··▒
▒▒g▒▒▒▒··▒
▒···▒▒▒▒····$···▒
▒▒····▒▒<·····▒··
▒··§·····▒▒···▒
·▒··▒▒····▒▒ ···▒
··········▒ ·····
···················
·▒·········%·······


You could see a gnoll (confused).

Vanquished Creatures
  A crimson imp (D:5)
  Crazy Yiuf (D:2)
  Terence (D:2)
  Natasha (twice) (D:2)
  6 gnolls
  2 dart slugs
  4 bats
  3 giant cockroaches
  4 goblins (D:2)
  10 hobgoblins
  A quokka (D:2)
  6 frilled lizards
  4 kobolds
  3 rats (D:1)
  2 fungi (D:2)
50 creatures vanquished.

Notes
Turn   | Place    | Note
-------+----------+-------------------------------------------
     0 | D:1      | Azzok the Gnoll Enchanter began the quest for the Orb.
     0 | D:1      | Reached XP level 1. HP: 13/13 MP: 6/6
   360 | D:1      | Reached XP level 2. HP: 12/19 MP: 7/7
   503 | D:1      | Learned a level 2 spell: Ensorcelled Hibernation
   991 | D:1      | Reached XP level 3. HP: 14/25 MP: 9/9
  1424 | D:1      | Learned a level 3 spell: Confuse
  1467 | D:2      | Noticed Terence
  1486 | D:2      | Killed Terence
  1486 | D:2      | Reached skill level 6 in Stealth
  1486 | D:2      | Reached skill level 5 in Spellcasting
  1486 | D:2      | Reached skill level 1 in Invocations
  1655 | D:2      | Reached skill level 1 in Fighting
  1655 | D:2      | Reached skill level 1 in Long Blades
  1655 | D:2      | Reached skill level 1 in Axes
  1655 | D:2      | Reached skill level 1 in Maces & Flails
  1655 | D:2      | Reached skill level 1 in Polearms
  1655 | D:2      | Reached skill level 1 in Staves
  1655 | D:2      | Reached skill level 1 in Slings
  1655 | D:2      | Reached skill level 1 in Bows
  1655 | D:2      | Reached skill level 1 in Crossbows
  1655 | D:2      | Reached skill level 1 in Throwing
  1655 | D:2      | Reached skill level 1 in Armour
  1655 | D:2      | Reached skill level 1 in Shields
  1655 | D:2      | Reached skill level 1 in Unarmed Combat
  1655 | D:2      | Reached skill level 1 in Evocations
  1657 | D:2      | Noticed Natasha
  1666 | D:2      | Killed Natasha
  1666 | D:2      | Reached XP level 4. HP: 32/32 MP: 8/11
  1961 | D:2      | Noticed Natasha
  1965 | D:2      | Killed Natasha
  1965 | D:2      | Reached skill level 1 in Conjurations
  1965 | D:2      | Reached skill level 1 in Charms
  1965 | D:2      | Reached skill level 1 in Summonings
  1965 | D:2      | Reached skill level 1 in Necromancy
  1965 | D:2      | Reached skill level 1 in Translocations
  1965 | D:2      | Reached skill level 1 in Transmutations
  1965 | D:2      | Reached skill level 1 in Fire Magic
  1965 | D:2      | Reached skill level 1 in Ice Magic
  1965 | D:2      | Reached skill level 1 in Air Magic
  1965 | D:2      | Reached skill level 1 in Earth Magic
  1965 | D:2      | Reached skill level 1 in Poison Magic
  1972 | D:2      | Reached XP level 5. HP: 33/37 MP: 8/12
  2350 | D:2      | Found a runed translucent door.
  2351 | D:2      | Noticed Crazy Yiuf
  2357 | D:2      | Killed Crazy Yiuf
  2520 | D:3      | You fall through a shaft for 2 floors!
  2520 | D:5      | Entered Level 5 of the Dungeon
  2546 | D:5      | Reached XP level 6. HP: 7/44 MP: 7/13
  2547 | D:5      | Slain by a gnoll

Levels and vault maps discovered:
D:1:      matt_arrival_grand_opening, layout_basic, minmay_misc_feat_x,
          minmay_pentomino_r4
D:2:      layout_basic, uniq_terence, uniq_crazy_yiuf_cottage, uniq_natasha
D:3:      layout_basic, nicolae_overflow_hidden_temple,
          chequers_temple_overflow_minitemple, first_ration, st_stairs_12,
          uniq_sigmund
D:5:      layout_layer_cave, gammafunk_ghost_cemetery, kennysheep_another_room,
          uniq_duvessa

Skill      XL: |  1  2  3  4  5 |
---------------+----------------+-----
Stealth        | 6 |  6.2
Spellcasting   | 5 |  5.3
Invocations    | 1 2 |  2.0
Fighting       | 1 |  1.7
Long Blades    | 1 |  1.7
Axes           | 1 |  1.7
Maces & Flails | 1 |  1.7
Polearms       | 1 |  1.7
Staves         | 1 |  1.7
Slings         | 1 |  1.7
Bows           | 1 |  1.7
Crossbows      | 1 |  1.7
Throwing       | 1 |  1.7
Armour         | 1 |  1.7
Shields        | 1 |  1.7
Unarmed Combat | 1 |  1.7
Evocations     | 1 |  1.7
Conjurations   | 1 |  1.3
Charms         | 1 |  1.3
Summonings     | 1 |  1.3
Necromancy     | 1 |  1.3
Translocations | 1 |  1.3
Transmutations | 1 |  1.3
Fire Magic     | 1 |  1.3
Ice Magic      | 1 |  1.3
Air Magic      | 1 |  1.3
Earth Magic    | 1 |  1.3
Poison Magic   | 1 |  1.3
Short Blades   | 3 |  3.1
Dodging        | |  4.9
Hexes          | |  5.6

Action                   |  1- 3 |  4- 6 || total
-------------------------+-------+-------++-------
Melee: Dagger            |    24 |       ||    24
       Bite              |     4 |    11 ||    15
       Short sword       |    50 |    65 ||   115
       Punch             |       |     1 ||     1
 Cast: Ensorcelled Hiber |     3 |    14 ||    17
       Confuse           |       |     1 ||     1
 Stab: Sleeping          |     7 |     9 ||    16
  Eat: Chunk             |     2 |     3 ||     5
Armor: Robe              |     7 |     7 ||    14
Dodge: Dodged            |    41 |    34 ||    75

Table legend:
 A = Non-vault XP
 B = Vault XP
 C = Vault XP percentage of total XP
 D = Non-vault monster count
 E = Vault monster count
 F = Vault count percentage of total count
                 A         B        C        D         E       F
            +---------+---------+-------+---------+---------+-------
      Total |     227 |     116 |  33.8 |      41 |       7 |  14.6
            +---------+---------+-------+---------+---------+-------
        D:1 |      29 |       5 |  14.7 |      16 |       4 |  20.0
        D:2 |      63 |     111 |  63.8 |      16 |       3 |  15.8
        D:3 |      46 |       0 |   0.0 |       5 |       0 |   0.0
        D:5 |      89 |       0 |   0.0 |       4 |       0 |   0.0
            +---------+---------+-------+---------+---------+-------
